 Dungeon Crawl Stone Soup version 0.29.1-15-g9cfb28693d (webtiles) character file.

Game seed: 3100982487294642498

63 leafyfresh the Sneak (level 4, -6/33 HPs)
             Began as an Octopode Delver on Mar 11, 2023.
             Splashed by a jelly's acid (8 damage)
             ... on level 4 of the Dungeon.
             The game lasted 00:00:36 (565 turns).

leafyfresh the Sneak (Octopode Delver)               Turns: 565, Time: 00:00:37

Health: -6/33      AC: -7    Str: 11    XL:     4   Next: 9%
Magic:  4/4        EV: 13    Int: 14    God:
Gold:   15         SH:  0    Dex: 13    Spells: 3/3 levels left

rFire   . . .      SeeInvis .   a - +0 short sword
rCold   . . .      Faith    .   (no shield)
rNeg    . . .      Spirit   .   (helmet restricted)
rPois   .          Reflect  .   (no amulet)
rElec   .          Harm     .   (no ring)
rCorr   .          Rampage  .   (no ring)
Will    .....                   (no ring)
Stlth   ++++......              (no ring)
HPRegen 0.11/turn               (no ring)
MPRegen 0.09/turn               (no ring)
                                (no ring)
                                (no ring)

@: corroded
A: almost no armour, amphibious, 8 rings, camouflage 1, gelatinous body 1,
(nimble swimmer 1), tentacles
a: no special abilities


You were on level 4 of the Dungeon.
You visited 1 branch of the dungeon, and saw 2 of its levels.

You collected 15 gold pieces.

Inventory:

Hand Weapons
 a - a +0 short sword (weapon)
Wands
 f - a wand of digging (3)
Scrolls
 b - a scroll of fog
 c - a scroll of magic mapping
 d - 2 scrolls of fear
Potions
 e - a potion of haste
 g - a potion of cancellation {unknown}


   Skills:
 + Level 3.7 Fighting
 - Level 2.0 Short Blades
 + Level 2.9 Dodging
 + Level 7.3 Stealth


You had 3 spell levels left.
You didn't know any spells.
Your spell library was empty.

Dungeon Overview and Level Annotations

Branches:
Dungeon (5/15)
 Temple: D:4-7

Altars:
Vehumet


Innate Abilities, Weirdness & Mutations

You cannot wear most types of armour.
You are amphibious.
You can wear up to eight rings at the same time.
Your skin changes colour to match your surroundings (Stealth+).
Your rubbery body absorbs attacks. (AC +1, EV +1)
((You are camouflaged when in or above water. (Stealth+)))
You have tentacles for arms and can constrict up to eight enemies at once.


Message History

A jelly comes into view.
A jelly is nearby!
You hear a slurping noise.
The jelly eats the door!
A jelly is nearby!
A jelly is nearby!
Found a lead wand.
A jelly is nearby!
A dart slug comes into view.
The jelly closely misses you.
You hit the jelly but do no damage.
Your tentacles burn!
You squeeze the jelly, but do no damage.
The dart slug launches a dart at you. The slug dart hits you.
The jelly barely misses you.
You hit the jelly.
Your tentacles burn!
The jelly is lightly wounded.
The jelly completely misses you.
You hit the jelly. The acid corrodes you!
Your tentacles burn!
You squeeze the jelly, but do no damage.
The jelly is moderately wounded.
The dart slug launches a dart at you. The slug dart misses you.
The jelly hits you.
You are splashed with acid.
You are too injured to fight recklessly!
You are too injured to fight recklessly!
Unknown command.
You hit the jelly but do no damage.
Your tentacles burn!
* * * LOW HITPOINT WARNING * * *
The jelly is moderately wounded.
The jelly barely misses you.
You hit the jelly but do no damage. The acid corrodes you!
Your tentacles burn!
* * * LOW HITPOINT WARNING * * *
The jelly is moderately wounded.
The jelly completely misses you.
You hit the jelly but do no damage.
Your tentacles burn!
* * * LOW HITPOINT WARNING * * *
The jelly is moderately wounded.
The jelly hits you.
* * * LOW HITPOINT WARNING * * *
You are splashed with acid!
You die...

.... ###### .. ## .....
#....##... .#.. #...#
#..J...... .#..##...#
#.@/......
.#.......######.........
.# .....................
.#####.......##....##...
#....#.......####### ..
#....#.......# .
+....#...##..#
#....#..######
#....'........#


You could see a jelly.

Vanquished Creatures
  A hound (D:5)
  A jelly (D:5)
  An orc (D:5)
  A quokka (D:4)
  A ball python (D:4)
5 creatures vanquished.

Notes
Turn   | Place    | Note
-------+----------+-------------------------------------------
     0 | D:5      | leafyfresh the Octopode Delver began the quest for the Orb.
     0 | D:5      | Reached XP level 1. HP: 16/16 MP: 1/1
    13 | D:5      | Noticed a jelly
    19 | D:5      | Killed a jelly
    20 | D:5      | Reached skill level 7 in Stealth
    20 | D:5      | Reached XP level 2. HP: 15/21 MP: 2/2
    20 | D:5      | Reached XP level 3. HP: 19/26 MP: 3/3
   147 | D:5      | Reached XP level 4. HP: 14/33 MP: 4/4
   437 | D:5      | Noticed a scorpion
   546 | D:4      | Found a radiant altar of Vehumet.
   565 | D:4      | Splashed by a jelly's acid

Illustrated notes

Levels and vault maps discovered:
D:4:      layout_gridville, nicolae_vehumet_radiance,
          amethyst_overflow_temple_binary, serial_shops, shop_statue
D:5:      layout_loops_ring, minmay_shop_enchanted_jewellery, uniq_grinder

Skill      XL: |  1 |
---------------+----+-----
Stealth        | 7 |  7.3
Fighting       | |  3.7
Short Blades   | |  2.0
Dodging        | |  2.9

Action                   |  1- 3 |  4- 6 || total
-------------------------+-------+-------++-------
Melee: Short sword       |     7 |    12 ||    19
       Tentacles         |     6 |     3 ||     9
       Constrict         |     2 |     2 ||     4
 Stab: Sleeping          |     1 |       ||     1
Armor: Skin              |       |     1 ||     1
Dodge: Dodged            |     2 |    11 ||    13
